Match 35612383
Unlisted

Match 35612383
End
Construct Infanterie Kompanie
Selects Breakthrough Battlegroup
Selects Assault Grenadiers
Grenadier Squad
Grenadier Squad
MG 42 Machine Gun Team
Construct Luftwaffe Kompanie
Selects Smoke Bombing Run
Medical Station
Selects Rapid Production
221 Scout Car
GrW 34 Mortar Team
Grenadier Squad
Pioneer Squad
Support Elements
Selects Mechanized Assault Group
Selects Rapid Production
Mechanized Assault Group
Marder III M Tank Destroyer
Construct Panzer Kompanie
Grenadier Squad
GrW 34 Mortar Team
Selects Blitzkrieg
Panzer IV Medium Tank
MG 42 Machine Gun Team
MG 42 Machine Gun Team
221 Scout Car
Selects Tiger Heavy Tank
alejguzgar
Loveclebek
MasterWave
chuan9898
EZIO
Field marshal Prince
0
0

Comments sign in to comment!

No comments posted yet!